 Dungeon Crawl Stone Soup version 0.30-a0-722-g3e6e8c874d (webtiles) character file.

Game seed: 975700915393484645

281 Pooter the Chopper (level 6, -6/56 HPs)
             Began as a Minotaur Berserker on Jan 27, 2023.
             Was a Priest of Trog.
             Constricted to death by Grinder (8 damage)
             ... on level 4 of the Dungeon.
             The game lasted 00:10:24 (3328 turns).

Pooter the Chopper (Minotaur Berserker)             Turns: 3328, Time: 00:10:24

Health: -6/56      AC:  2    Str: 24    XL:     6   Next: 6%
Magic:  5/5        EV:  9    Int:  4    God:    Trog [***...]
Gold:   231        SH:  0    Dex:  9    Spells: 5/5 levels left

rFire   . . .      SeeInvis .    a - +0 hand axe
rCold   . . .      Faith    +    (no shield)
rNeg    + . .      Spirit   .    o - +0 animal skin
rPois   +          Reflect  .    (helmet restricted)
rElec   .          Harm     .    (no cloak)
rCorr   +          Rampage  .    (no gloves)
Will    .....                    (no boots)
Stlth   +                        e - amulet of faith {!P}
HPRegen 0.29/turn                P - ring of poison resistance
MPRegen 0.09/turn                m - ring of Past Mistakes {rN+ rCorr}

@: grasped by roots, on berserk cooldown, slowed, constricted, very slow
A: horns 2, retaliatory headbutt
a: Renounce Religion, Berserk, Trog's Hand


You were on level 4 of the Dungeon.
You worshipped Trog.
Trog was most pleased with you.
You visited 1 branch of the dungeon, and saw 4 of its levels.

You collected 231 gold pieces.

Inventory:

Hand Weapons
 a - a +0 hand axe (weapon)
 b - a +0 sling
   (You took it off a goblin on level 2 of the Dungeon)
Missiles
 g - 3 poisoned darts
 Q - 26 stones (quivered)
Armour
 o - a +0 animal skin (worn)
Jewellery
 e - an amulet of faith (around neck) {!P}
   (You found it on level 1 of the Dungeon)
 h - a +6 ring of intelligence
   (You found it on level 1 of the Dungeon)
 m - the ring of Past Mistakes (right hand) {rN+ rCorr}
   (You found it on level 2 of the Dungeon)

   [ring of positive energy]

   rN:        It protects you from negative energy.
   rCorr:     It protects you from acid and corrosion.
 P - a ring of poison resistance (left hand)
   (You found it on level 2 of the Dungeon)
Scrolls
 d - a scroll of summoning {unknown}
 k - a scroll of silence {unknown}
 l - a scroll of enchant armour {unknown}
 n - a scroll of brand weapon {unknown}
 p - a scroll of poison {unknown}
 r - a scroll of enchant weapon {unknown}
 t - a scroll of teleportation {@r4}
Potions
 c - a potion of heal wounds {unknown}
 f - 2 potions of curing {@q1}
 i - a potion of lignification {unknown}
 j - a potion of attraction {unknown}
 q - 2 potions of flight {unknown}
 s - a potion of magic {unknown}


   Skills:
 + Level 5.5 Fighting
 * Level 7.0 Axes
 - Level 2.4 Armour
 - Level 2.1 Dodging


You had 5 spell levels left.
You didn't know any spells.
Your spell library was empty.

Dungeon Overview and Level Annotations

Branches:
Dungeon (4/15)
 Temple: D:4-7

Altars:
Ashenzari
Hepliaklqana
Kikubaaqudgha

Annotations:
D:3 1 runed translucent door, Dittersdorf's ghost, weakling GrFi
D:4 Grinder


Innate Abilities, Weirdness & Mutations

You have a pair of horns on your head.
You reflexively headbutt those who attack you in melee.


Message History

You feel your anger nearly subside.
You slash Grinder! Your headbutt misses Grinder. Grinder gestures at you.
You resist with significant effort.
You hit Grinder.
You are no longer berserk.
You are exhausted.
You feel yourself slow down. Grinder misses you. You furiously retaliate!
You headbutt Grinder. You hit Grinder. Grinder hits you.
You writhe in agony.
You barely miss Grinder.
Grinder says, "Tell me all your secrets, or I'll kill you."
Grinder hits you.
You writhe in agony.
You hit Grinder. You headbutt Grinder, but do no damage.
Grinder gestures at you. Pain shoots through your body!
Grinder gestures at you.
You barely resist. You barely miss Grinder. Grinder hits you!
* * * LOW HITPOINT WARNING * * *
You hit Grinder. Your headbutt misses Grinder. Grinder gestures at you.
You suddenly lose the ability to move!
Grinder hits you.
* * * LOW HITPOINT WARNING * * *
You writhe in agony.
* * * LOW HITPOINT WARNING * * *
Grinder hits you.
* * * LOW HITPOINT WARNING * * *
Grinder hits you.
* * * LOW HITPOINT WARNING * * *
You writhe in agony.
* * * LOW HITPOINT WARNING * * *
Grinder hits you but does no damage.
You can move again.
You barely miss Grinder.
Grinder blinks!
Unknown command.
It was a potion of curing.
You feel better.
You barely miss Grinder.
Grinder zaps a wand.
The roots erupt in riotous growth!
The grasping roots grab you!
Grinder is unaffected.
The grasping roots constrict you!
* * * LOW HITPOINT WARNING * * *
You hit Grinder but do no damage. Grinder hits you.
* * * LOW HITPOINT WARNING * * *
You writhe in agony.
* * * LOW HITPOINT WARNING * * *
The grasping roots constrict you!
You die...

#.# #..#
##...##..## ##..
#.# #..#
##.......## ##..#
#.# #..#
###.......##
##..## #.#
...###.........#
##..## #.##
#...###....###..##
##.## #..##
#....)...## #..#
##.# #......###
##.# #5####...####
#.## ##@.....##
### ########


You could see Grinder.

Vanquished Creatures
  An ogre (D:4)
  An iguana (D:4)
  Natasha (thrice) (D:3)
  3 adders
  A worm (D:2)
  A dart slug (D:1)
  An orc (D:3)
  8 ball pythons
  7 endoplasms
  3 giant cockroaches
  4 goblins
  7 hobgoblins
  3 quokkas
  7 bats
  5 frilled lizards
  6 kobolds
  6 rats
67 creatures vanquished.

Vanquished Creatures (others)
  11 plants (D:3)
11 creatures vanquished.

Grand Total: 78 creatures vanquished

Notes
Turn   | Place    | Note
-------+----------+-------------------------------------------
     0 | D:1      | Pooter the Minotaur Berserker began the quest for the Orb.
     0 | D:1      | Reached XP level 1. HP: 19/19 MP: 0/0
   140 | D:1      | Reached skill level 4 in Axes
   221 | D:1      | Reached XP level 2. HP: 25/27 MP: 1/1
   273 | D:1      | Found a faded altar of an unknown god.
   737 | D:2      | Reached ** piety under Trog
   744 | D:2      | Reached XP level 3. HP: 23/33 MP: 2/2
   832 | D:2      | Identified the ring of Past Mistakes {rN+ rCorr}
  1049 | D:2      | Reached skill level 5 in Axes
  1778 | D:3      | Noticed Natasha
  1785 | D:3      | Reached XP level 4. HP: 41/41 MP: 3/3
  1790 | D:3      | Killed Natasha
  1925 | D:3      | Found a runed translucent door.
  1931 | D:3      | Noticed Dittersdorf's ghost (weakling GrFi)
  1931 | D:3      | Noticed a necrophage
  2116 | D:3      | Found an ancient bone altar of Kikubaaqudgha.
  2223 | D:3      | Noticed Natasha
  2227 | D:3      | Killed Natasha
  2228 | D:3      | Reached skill level 6 in Axes
  2233 | D:3      | Found a hazy altar of Hepliaklqana.
  2250 | D:3      | Reached *** piety under Trog
  2291 | D:3      | Noticed Natasha
  2306 | D:3      | Killed Natasha
  2307 | D:3      | Reached skill level 5 in Fighting
  2307 | D:3      | Reached XP level 5. HP: 31/48 MP: 4/4
  2371 | D:3      | Found a broken altar of Ashenzari.
  2717 | D:4      | Noticed an ogre
  2854 | D:4      | Killed an ogre
  2910 | D:4      | Reached skill level 7 in Axes
  2910 | D:4      | Reached XP level 6. HP: 28/56 MP: 5/5
  3270 | D:4      | Noticed Grinder
  3308 | D:4      | Paralysed by Grinder for 2 turns
  3319 | D:4      | Paralysed by Grinder for 4 turns
  3328 | D:4      | HP: 2/56 [Grinder (2)]
  3328 | D:4      | Constricted to death by Grinder

Illustrated notes

Levels and vault maps discovered:
D:1:      dpeg_cavernosity, layout_basic, shapermc_ecumenical_altar_petra,
          minmay_unequal
D:2:      layout_loops_corners, kennysheep_nondescript
D:3:      layout_loops_ring, lemuel_coloured_pillars_altar,
          cheibrodos_ashenzari_chains, nicolae_hepliaklqana_hazy_memory,
          ebering_ghost_inner_flame, uniq_natasha
D:4:      layout_layer_cave, uniq_ijyb, uniq_pikel, uniq_grinder, uniq_robin

Skill      XL: |  1  2  3  4  5 |
---------------+----------------+-----
Axes           | 4 5 6 7 |  7.0
Fighting       | 4 5 |  5.5
Armour         | |  2.4
Dodging        | |  2.1

Action                     |  1- 3 |  4- 6 || total
---------------------------+-------+-------++-------
  Melee: Hand axe          |    73 |    63 ||   136
         Headbutt          |     9 |     7 ||    16
         Punch             |     2 |       ||     2
   Fire: Sling             |    15 |    37 ||    52
 Invoke: Berserk           |     1 |     2 ||     3
    Use: Scroll            |       |     1 ||     1
         Potion            |       |     1 ||     1
   Stab: Sleeping          |     1 |       ||     1
 Armour: Animal skin       |    15 |    12 ||    27
  Dodge: Dodged            |    45 |    40 ||    85

Table legend: (Time is in decaauts)
 A = Elapsed time spent in this place.
 B = Non-inter-level travel time spent in this place.
 C = Inter-level travel time spent in this place.
 D = Time resting spent in this place.
 E = Time spent auto-exploring this place.
 F = Levels seen in this place.
 G = Mean time per level.
                   A        B        C        D        E       F      G
               +--------+--------+--------+--------+--------+-----+--------+
         Total |   3362 |   3264 |     98 |    334 |   2399 |   4 |  840.5 |
       Dungeon |   3362 |   3264 |     98 |    334 |   2399 |   4 |  840.5 |
               +--------+--------+--------+--------+--------+-----+--------+

Top non-repeatable levels by time:
     D:2: 1040 daAuts
     D:3: 972 daAuts
     D:1: 733 daAuts
     D:4: 616 daAuts
